 Dungeon Crawl Stone Soup version 0.17-a0-2127-g1cb09f6 (webtiles) character file.

7049 tp1 the Arsonist (level 10, -1/50 HPs)
             Began as a Deep Elf Conjurer on Oct 22, 2015.
             Was a Believer of Vehumet.
             Slain by a troll (10 damage)
             ... on level 9 of the Dungeon.
             The game lasted 01:26:02 (12772 turns).

tp1 the Arsonist (Deep Elf Conjurer)               Turns: 12772, Time: 01:26:02

Health: -1/50      AC:  9    Str:  5    XL:     10   Next: 83%
Magic:  22/24      EV:  8    Int: 27    God:    Vehumet [**....]
Gold:   400        SH:  6    Dex: 15    Spells: 7 memorised, 1 level left

rFire  . . .     SeeInvis +     P - +0 short sword
rCold  . . .     Clarity  .     o - +2 robe {MR+}
rNeg   . . .     SustAt   .     g - +2 buckler
rPois  .         Gourm    .     q - +2 hat {Int+3}
rElec  .         Spirit   .     H - +0 cloak
rCorr  .         Warding  .     z - +0 pair of gloves
rMut   .         Rnd*Tele +     M - +0 pair of boots
MR     ++...                    (no amulet)
Stlth  ++........               C - ring of teleportation
                                L - ring of see invisible

@: very slightly contaminated, very resistant to hostile enchantments,
unstealthy
A: no striking features
a: Renounce Religion, Evoke Teleportation


You were on level 9 of the Dungeon.
You worshipped Vehumet.
Vehumet was pleased with you.
You were not hungry.

You visited 2 branches of the dungeon, and saw 10 of its levels.

You collected 400 gold pieces.

Inventory:

Hand Weapons
 i - a +1 dagger
 P - a +0 short sword (weapon)
Armour
 g - a +2 buckler (worn)
 o - a +2 robe of magic resistance (worn)
 q - a +2 hat of intelligence (worn)
 u - a +2 robe of positive energy
 z - a +0 pair of gloves (worn)
 D - a +0 robe of cold resistance
 H - a +0 cloak (worn)
 M - a +0 pair of boots (worn)
Jewellery
 n - an uncursed ring of protection from fire
 s - a +2 ring of slaying
 C - a ring of teleportation (right hand)
 L - a ring of see invisible (left hand)
Wands
 e - a wand of frost (10)
 J - a wand of enslavement (11)
Scrolls
 f - 3 scrolls of noise
 j - 2 scrolls of holy word
 k - a scroll of amnesia
 l - a scroll of enchant weapon
 y - 3 scrolls of immolation
 A - a scroll of remove curse
 B - 2 scrolls of enchant armour
 F - 5 scrolls of identify
 K - a scroll of magic mapping
Potions
 d - 2 potions of beneficial mutation
 m - 5 potions of might
 r - 2 potions of berserk rage {unknown}
 t - 6 potions of curing
 v - 3 potions of poison
 I - 4 potions of flight
Books
 a - a book of the Dragon

   Spells                             Type                      Level
   a - Flame Tongue                   Conjuration/Fire             1
   b - Cause Fear                     Hexes                        4
   c - Bolt of Fire                   Conjuration/Fire             6
   d - Dragon Form                    Transmutation                7
   e - Dragon's Call                  Summoning                    9
 b - a book of Conjurations

   Spells                             Type                      Level
   a - Magic Dart                     Conjuration                  1
   b - Searing Ray                    Conjuration                  2
   c - Dazzling Spray                 Conjuration/Hexes            3
   d - Fulminant Prism                Conjuration/Hexes            4
   e - Iskenderun's Mystic Blast      Conjuration                  4
   f - Iskenderun's Battlesphere      Conjuration/Charms           5
 p - a book of Fire

   Spells                             Type                      Level
   a - Ignite Poison                  Fire/Transmutation/Poison    3
   b - Fireball                       Conjuration/Fire             5
   c - Bolt of Fire                   Conjuration/Fire             6
   d - Delayed Fireball               Conjuration/Fire             7
   e - Ring of Flames                 Charms/Fire                  7
 E - a book of Death

   Spells                             Type                      Level
   a - Corpse Rot                     Necromancy                   2
   b - Sublimation of Blood           Necromancy                   2
   c - Agony                          Necromancy                   5
   d - Dispel Undead                  Necromancy                   5
   e - Excruciating Wounds            Charms/Necromancy            5
   f - Bolt of Draining               Conjuration/Necromancy       5
 G - a book of Maledictions

   Spells                             Type                      Level
   a - Corona                         Hexes                        1
   b - Ensorcelled Hibernation        Hexes/Ice                    2
   c - Confuse                        Hexes                        3
   d - Tukima's Dance                 Hexes                        3
   e - Dazzling Spray                 Conjuration/Hexes            3
 O - a book of Ice

   Spells                             Type                      Level
   a - Ice Form                       Ice/Transmutation            4
   b - Metabolic Englaciation         Hexes/Ice                    5
   c - Ozocubu's Refrigeration        Ice                          6
   d - Bolt of Cold                   Conjuration/Ice              6
   e - Freezing Cloud                 Conjuration/Ice/Air          6
   f - Simulacrum                     Ice/Necromancy               6
Comestibles
 c - 5 bread rations
 h - 3 meat rations
 x - 7 chunks of flesh


   Skills:
 - Level 3.1 Dodging
 - Level 2.4 Stealth
 - Level 1.3 Shields
 - Level 8.1 Spellcasting
 + Level 10.7 Conjurations
 - Level 10.0 Charms
 - Level 11.0 Fire Magic
 - Level 2.1 Evocations


You had one spell level left.
You knew the following spells:

 Your Spells              Type           Power        Failure   Level  Hunger
a - Magic Dart            Conj           ####         1%          1    None
b - Searing Ray           Conj           ######       1%          2    None
c - Dazzling Spray        Conj/Hex       #####...     2%          3    None
d - Fireball              Conj/Fire      ######....   2%          5    ####...
e - Bolt of Fire          Conj/Fire      ######....   17%         6    ######.
f - Iskenderun's Battles  Conj/Chrm      ######..     3%          5    ####...
g - Delayed Fireball      Conj/Fire      N/A          82%         7    #######


Dungeon Overview and Level Annotations

Branches:
Dungeon (9/15)             Temple (1/1) D:7
   Lair: D:8-11         Orc: D:9-12

Altars:
Ashenzari
Cheibriados
Dithmenos
Elyvilon
Fedhas
Gozag
Kikubaaqudgha
Makhleb
Nemelex Xobeh
Okawaru
Qazlal
Ru
Sif Muna
Trog
Vehumet
Xom
Yredelemnul
Zin
The Shining One

Shops:
D:7 (

Annotations:
D:2 Purgy


Message History

Okay, then.
The crimson imp blinks!
The centaur shoots an arrow.
The arrow hits you but does no damage.
You see here an arrow.
Read which item? (? for menu, Esc to quit)
Okay, then.
Use which ability?
You fail to use your ability.
The crimson imp blinks!
You block the troll's attack. The troll claws you but does no damage.
The troll misses you.
The centaur shoots an arrow.
The arrow closely misses you.
The centaur shoots an arrow.
The arrow hits you.
* * * LOW HITPOINT WARNING * * *
You see here an arrow.
The centaur shoots an arrow.
The arrow hits you but does no damage.
You see here an ugly thing corpse.
There is a stone staircase leading up, spattered with blood here.
The troll barely misses you. The troll claws you but does no damage.
The troll claws you!
You die...

##.## ### #...# #... #..(#
#.... #...### ...... #.(.c.#
###...>.. ###...#5# #...[....
#######.(5..#.# ####........
........#...#c#####...........
........##.##.5T@.(.####......
.........#.....###.## #....#
...........###.##..# ..#.#
......(............. .# #
.........#.....#..### .
....).........<... .#
................#.
.#.....###........ ##.###
........


You could see a troll, a centaur and a crimson imp.

Vanquished Creatures
  Gastronok (D:8)
  Erica (D:8)
  Pikel (D:8)
  An ugly thing (D:9)
  A komodo dragon (D:8)
  A two-headed ogre (D:8)
  A troll (D:9)
  A hippogriff (D:8)
  2 slaves (D:8)
  2 ice beasts
  2 ogres (D:4)
  4 orc warriors
  A necrophage (D:7)
  A phantom (D:7)
  2 centaurs
  A big kobold (D:7)
  3 giant frogs
  A wyvern skeleton (D:7)
  3 scorpions
  4 wights (D:8)
  A killer bee (D:7)
  4 crimson imps
  2 giant frog zombies
  5 hounds
  Crazy Yiuf (D:5)
  A centaur skeleton (D:4)
  A giant frog skeleton (D:8)
  An iguana (D:7)
  10 orc wizards
  7 orc priests
  Natasha (thrice) (D:3)
  7 worker ants
  A hound zombie (D:5)
  12 adders
  A shadow imp (D:8)
  3 oozes
  An adder zombie (D:7)
  2 adder skeletons
  2 worms
  4 giant geckos
  47 orcs
  6 bats
  3 giant cockroaches
  8 goblins
  2 hobgoblins
  8 jackals
  5 quokkas
  2 giant gecko skeletons
  3 giant newts
  A jackal skeleton (D:8)
  8 kobolds
  A quokka skeleton (D:8)
  5 rats
202 creatures vanquished.

Vanquished Creatures (others)
  A slave (D:8)
1 creature vanquished.

Grand Total: 203 creatures vanquished

Notes
Turn   | Place    | Note
--------------------------------------------------------------
     0 | D:1      | tp1 the Deep Elf Conjurer began the quest for the Orb.
     0 | D:1      | Reached XP level 1. HP: 10/10 MP: 6/6
   279 | D:1      | Reached XP level 2. HP: 15/15 MP: 5/8
  1183 | D:2      | Reached skill level 1 in Shields
  1183 | D:2      | Reached XP level 3. HP: 15/19 MP: 0/10
  1328 | D:2      | Found an iron altar of Okawaru.
  1861 | D:2      | Found a shimmering altar of Xom.
  1991 | D:3      | Learned a level 2 spell: Searing Ray
  1995 | D:3      | Learned a level 3 spell: Dazzling Spray
  2031 | D:3      | Reached skill level 5 in Spellcasting
  2031 | D:3      | Reached XP level 4. HP: 16/24 MP: 5/13
  2322 | D:3      | Found a blossoming altar of Fedhas.
  2336 | D:3      | Noticed Natasha
  2345 | D:3      | Learned a level 4 spell: Iskenderun's Mystic Blast
  2349 | D:3      | Learned a level 3 spell: Ignite Poison
  2355 | D:3      | Killed Natasha
  2355 | D:3      | Reached skill level 6 in Spellcasting
  2355 | D:3      | Reached XP level 5. HP: 24/28 MP: 7/15
  2355 | D:3      | Noticed Natasha
  2358 | D:3      | Killed Natasha
  2668 | D:3      | Noticed Purgy
  2813 | D:3      | Found an ancient bone altar of Kikubaaqudgha.
  2857 | D:3      | Noticed Natasha
  2862 | D:3      | Killed Natasha
  3032 | D:3      | Found a blossoming altar of Fedhas.
  3127 | D:3      | Found an ancient bone altar of Kikubaaqudgha.
  3257 | D:4      | Noticed a giant frog
  3262 | D:4      | Killed a giant frog
  3262 | D:4      | Reached skill level 7 in Spellcasting
  3272 | D:4      | Learned a level 5 spell: Iskenderun's Battlesphere
  3328 | D:4      | Reached XP level 6. HP: 10/32 MP: 8/18
  3564 | D:4      | Found a sparkling altar of Nemelex Xobeh.
  3571 | D:4      | Reached skill level 8 in Spellcasting
  3791 | D:4      | Reached skill level 1 in Charms
  4021 | D:4      | Noticed an ogre
  4030 | D:4      | Killed an ogre
  4337 | D:4      | Noticed an ogre
  4388 | D:4      | Killed an ogre
  4388 | D:4      | Reached skill level 5 in Charms
  4388 | D:4      | Reached XP level 7. HP: 36/36 MP: 1/20
  5283 | D:4      | Found a sparkling altar of Nemelex Xobeh.
  5739 | D:5      | Entered Level 5 of the Dungeon
  5792 | D:5      | Reached skill level 5 in Conjurations
  6302 | D:5      | Reached XP level 8. HP: 41/41 MP: 11/22
  6486 | D:5      | Learned a level 5 spell: Fireball
  6493 | D:5      | Learned a level 6 spell: Bolt of Fire
  6547 | D:5      | Noticed Crazy Yiuf
  6555 | D:5      | Killed Crazy Yiuf
  7746 | D:6      | Reached skill level 1 in Fire Magic
  8106 | D:6      | Found a white marble altar of Elyvilon.
  8106 | D:6      | Found a glowing silver altar of Zin.
  8107 | D:6      | Found a glowing golden altar of the Shining One.
  8759 | D:6      | Found a glowing golden altar of the Shining One.
  8759 | D:6      | Found a glowing silver altar of Zin.
  8760 | D:6      | Found a white marble altar of Elyvilon.
  9060 | D:7      | Found a staircase to the Ecumenical Temple.
  9072 | Temple   | Entered the Ecumenical Temple
  9411 | D:7      | Reached skill level 5 in Fire Magic
  9538 | D:7      | Reached skill level 1 in Evocations
  9575 | D:7      | Found a radiant altar of Vehumet.
  9579 | D:7      | Found a stormy altar of Qazlal.
  9588 | D:7      | Became a worshipper of Vehumet
  9636 | D:7      | Reached XP level 9. HP: 45/45 MP: 14/23
  9837 | D:7      | Found a staircase to the Ecumenical Temple.
  9887 | D:7      | Found Geney's Weapon Boutique.
 10319 | D:8      | Noticed Gastronok
 10456 | D:8      | Killed Gastronok
 10456 | D:8      | Reached skill level 10 in Fire Magic
 10651 | D:8      | Reached XP level 10. HP: 50/50 MP: 9/24
 10706 | D:8      | Learned a level 7 spell: Delayed Fireball
 10820 | D:8      | Reached * piety under Vehumet
 10820 | D:8      | Offered knowledge of Shock by Vehumet.
 10820 | D:8      | Reached skill level 11 in Fire Magic
 10830 | D:8      | Noticed Erica
 10867 | D:8      | Noticed Pikel
 10880 | D:8      | Killed Pikel
 11137 | D:8      | Killed Erica
 11386 | D:8      | Reached skill level 10 in Charms
 11617 | D:8      | Found a sacrificial altar of Ru.
 12140 | D:8      | Found a sacrificial altar of Ru.
 12720 | D:9      | Reached ** piety under Vehumet
 12720 | D:9      | Offered knowledge of Throw Flame by Vehumet.
 12743 | D:9      | Noticed a red ugly thing
 12745 | D:9      | Reached skill level 10 in Conjurations
 12755 | D:9      | Killed a red ugly thing
 12772 | D:9      | Slain by a troll

Vault maps used:
D:1:      zelgadis_glass_arrival_small
D:2:      nicolae_overflow_crystal_walls, lemuel_round_altar
D:3:      fedhas_altar_3, kiku_gazebo_pond_becter, uniq_natasha, uniq_purgy
D:4:      old_standard_altar, first_bread
D:5:      uniq_crazy_yiuf_cottage
D:6:      good_gods_temple_1
D:7:      gammafunk_temple_overflow_wave, minmay_temple_entry_large_hall,
          serial_shops, kennysheep_mini_moat
D:8:      nicolae_ru_the_path_less_chosen, uniq_gastronok, uniq_pikel,
          uniq_erica
Temple:   minmay_temple_curvy_8

Action                   |  1- 3 |  4- 6 |  7- 9 | 10-12 || total
-------------------------+-------+-------+-------+-------++-------
Melee: Dagger            |       |    15 |       |     1 ||    16
 Cast: Magic Dart        |    69 |   121 |   211 |    87 ||   488
       Searing Ray       |       |     8 |       |       ||     8
       Dazzling Spray    |       |     7 |       |       ||     7
       Iskenderun's Batt |       |       |    34 |    15 ||    49
       Ignite Poison     |       |       |     4 |       ||     4
       Fireball          |       |       |     2 |       ||     2
  Use: Scroll            |       |     8 |     8 |     4 ||    20
       Potion            |       |       |     9 |       ||     9
  Eat: Chunk             |     3 |     7 |    15 |     5 ||    30
       Fruit             |       |       |     3 |       ||     3
       Bread ration      |       |       |     2 |       ||     2
       Beef jerky        |       |       |     1 |       ||     1
       Meat ration       |       |       |       |     1 ||     1
       Pizza             |       |       |       |     1 ||     1
